 Dungeon Crawl Stone Soup version 0.29-a0-398-ge13fd1374b (webtiles) character file.

Game seed: 9889953648836761324

3644 happo123 the Geomancer (level 10, -3/49 HPs)
             Began as a Gargoyle Earth Elementalist on May 12, 2022.
             Was a Believer of Hepliaklqana.
             Slain by a yak (10 damage)
             ... on level 8 of the Dungeon.
             The game lasted 00:44:55 (8175 turns).

happo123 the Geomancer (GrEE)                       Turns: 8175, Time: 00:44:56

Health: -3/49      AC: 11    Str: 13    XL:     10   Next: 12%
Magic:  5/21       EV: 12    Int: 19    God:    Hepliaklqana [**....]
Gold:   335        SH:  0    Dex: 10    Spells: 20/24 levels left

rFire   . . .      SeeInvis .   s - +2 quarterstaff (chaos)
rCold   . . .      Faith    .   (shield currently unavailable)
rNeg    + . .      Spirit   .   i - +0 leather armour
rPois   ∞          Reflect  .   (no helmet)
rElec   +          Harm     .   t - +0 cloak
rCorr   .          Rampage  .   (no gloves)
Will    .....                   (no boots)
Stlth   ++........              (no amulet)
HPRegen 0.16/turn               (no ring)
MPRegen 0.17/turn               (no ring)

@: weak-willed
A: reduced essence, sickness immunity, AC +7, negative energy resistance 1,
electricity resistance, torment resistance 1, petrification resistance
a: Renounce Religion, Recall Ancestor, Ancestor Identity


You were on level 8 of the Dungeon.
You worshipped Hepliaklqana.
Hepliaklqana was pleased with you.
You visited 2 branches of the dungeon, and saw 9 of its levels.
You also visited: Sewer.

You collected 447 gold pieces.
You spent 112 gold pieces at shops.

Inventory:

Hand Weapons
 s - a +2 quarterstaff of chaos (weapon)
 P - the +6 falchion of Tortured Courage {vorpal, rC+ Str+3}
   (You found it on level 8 of the Dungeon)

   It inflicts extra damage upon your enemies.
   Str:       It affects your strength (+3).
   rC:        It protects you from cold.
 R - the +5 spear of the Establishment {elec, rC+ rN+}
   (You found it on level 8 of the Dungeon)

   It occasionally discharges a powerful burst of electricity upon striking a
   foe.
   rC:        It protects you from cold.
   rN:        It protects you from negative energy.
Missiles
 a - 111 stones
 F - a throwing net
Armour
 b - a +0 robe
 i - a +0 leather armour (worn)
 t - a +0 cloak (worn)
 A - an orb of energy
 E - the +3 Mad Mage's Maulers {Infuse+∞ RegenMP Int-3}
   (You found it on level 5 of the Dungeon)

   It empowers its wearer's blows with all of their magic.
   It causes its wearer's magical reserves to regenerate more quickly.
   Int:       It affects your intelligence (-3).
 L - a scarf of harm
Magical Staves
 B - a staff of death
 M - a staff of air
Wands
 r - a wand of acid (12)
 u - a wand of paralysis (5)
 H - a wand of mindburst (19)
 J - a wand of iceblast (7)
 K - a wand of polymorph (8)
 Q - a wand of flame (15)
Scrolls
 e - 2 scrolls of blinking {unknown}
 f - 2 scrolls of immolation {unknown}
 h - a scroll of noise {unknown}
 j - a scroll of magic mapping {unknown}
 l - a scroll of enchant weapon {unknown}
 m - 4 scrolls of vulnerability
 n - a scroll of fog {unknown}
 o - a scroll of amnesia {unknown}
 w - a scroll of identify
 x - 4 scrolls of teleportation
 y - 2 scrolls of poison {unknown}
Potions
 c - a potion of magic
 d - 4 potions of attraction
 g - 3 potions of flight
 k - 3 potions of mutation
 p - 2 potions of lignification {unknown}
 q - 8 potions of curing
 v - a potion of invisibility {unknown}
 z - a potion of might {unknown}
 C - 4 potions of heal wounds
 D - a potion of haste {unknown}
 G - 3 potions of brilliance
 I - 3 potions of resistance
 N - a potion of cancellation {unknown}
 O - a potion of degeneration {unknown}


   Skills:
 + Level 2.8 Fighting
 + Level 5.5 Staves
 + Level 3.9 Armour
 + Level 3.0 Dodging
 + Level 3.6 Stealth
 + Level 0.1 Unarmed Combat
 + Level 7.6 Spellcasting
 + Level 2.4 Conjurations
 + Level 0.7 Transmutations
 + Level 9.9 Earth Magic


You had 20 spell levels left.
You knew the following spells:

 Your Spells              Type           Power      Damage    Failure   Level
a - Sandblast             Erth           88%        2d18      1%          1
b - Stone Arrow           Conj/Erth      60%        3d10      2%          3

Your spell library contained the following spells:

 Spells                   Type           Power      Damage    Failure   Level
 Passwall                 Tmut/Erth      22%        N/A       1%          2
 Petrify                  Tmut/Erth      27%        N/A       13%         4
 Corpse Rot               Necr/Air       14%        N/A       19%         2
 Poisonous Vapours        Pois/Air       14%        N/A       19%         2
 Summon Ice Beast         Ice/Summ       7%         N/A       75%         4
 Enfeeble                 Hex            3%         N/A       100%        7
 Haunt                    Necr/Summ      3%         N/A       100%        7


Dungeon Overview and Level Annotations

Branches:
Dungeon (8/15)             Temple (1/1) D:5           Sewer (visited)
   Lair: D:8-11

Altars:
Ashenzari
Cheibriados
Elyvilon
Fedhas
Gozag
Hepliaklqana
Kikubaaqudgha
Nemelex Xobeh
Okawaru
Sif Muna
Trog
Uskayaw
Vehumet
Wu Jian
Xom
Zin
The Shining One

Shops:
D:6 *   D:8 *


Innate Abilities, Weirdness & Mutations

Your life essence is reduced to manifest your ancestor. (-10% HP)
You are immune to sickness and miasma.
Your stone body is resilient. (AC +7)
You are immune to poison.
You resist negative energy. (rN+)
You are resistant to electric shocks. (rElec)
You are resistant to unholy torment.
You are immune to petrification.


Message History

The yak is moderately wounded.
Lucia hits the yak with a +0 quarterstaff!
The yak attacks as you move away! The yak gores you.
Lucia closely misses the yak.
The yak gores Lucia but does no damage.
Lucia casts a spell at the yak.
The puff of frost hits the yak!
The yak gores Lucia!
The yak attacks as you move away! The yak misses you.
Lucia casts a spell at the yak.
The puff of frost hits the yak!
The yak gores Lucia!
Aiming: Sandblast (safe; 1% risk of failure)
Press: ? - help, Q - select action, (/) - cycle Shift-Dir - straight line, f/p - yak
Aim: a yak (severely wounded, 90% to hit)
The blast of sand hits the yak.
The yak is severely wounded.
Lucia hits the yak with a +0 quarterstaff!
The yak gores Lucia!
Lucia is destroyed!
The yak gores you but does no damage.
The yak bellows!
The yak barely misses you. The yak misses you.
The yak attacks as you move away! The yak closely misses you.
The yak gores you! The yak attacks as you move away! The yak gores you!
* * * LOW HITPOINT WARNING * * *
The yak attacks as you move away! The yak gores you but does no damage.
The yak attacks as you move away! The yak gores you.
* * * LOW HITPOINT WARNING * * *
As you read the scroll of vulnerability, it crumbles to dust.
Magic quickly surges around you. The yak gores you.
* * * LOW HITPOINT WARNING * * *
The yak gores you but does no damage.
Aiming: Sandblast (safe; 1% risk of failure)
Press: ? - help, Q - select action, (/) - cycle Shift-Dir - straight line, f - yak, p - yak
Aim: a yak (weak-willed, 90% to hit)
The blast of sand hits the yak!!
The yak is heavily wounded.
The yak gores you.
* * * LOW HITPOINT WARNING * * *
The yak gores you!
You die...

.#.....## .# ...#...###..##
#.##.........##
##.#...........##
##...............#
###..#............#
#...<#.....)......#
.................### #####
................@#.#####...#
.#......##.⌠.⌠.†YYY..#.#...##
###.###.##..∩.#.Y..#........#
# ### #.###⌠.⌠...Y..........#
# ..# ####..............# #.#
#..............## #.
##.###........##
#..####.......#
#..#..††#....##


You could see 5 yaks.

Vanquished Creatures
  Grinder (D:3)
  A yak (D:8)
  2 sky beasts
  2 black bears
  2 centaurs
  A kobold brigand (Sewer)
  A necrophage (D:4)
  2 bullfrogs (D:8)
  A scorpion (D:7)
  11 killer bees
  A howler monkey (D:5)
  4 bullfrog zombies (D:6)
  A hound (D:5)
  2 jellies
  Crazy Yiuf (D:2)
  An orc priest (D:3)
  2 gnoll shamans
  5 iguanas
  Natasha (thrice) (D:3)
  2 orc wizards
  17 gnolls
  7 adders
  3 worms
  2 dart slugs
  28 orcs
  5 endoplasms
  A giant cockroach (D:1)
  7 goblins
  7 hobgoblins
  7 jackals
  4 kobolds
  4 quokkas
  A ball python (D:1)
  4 bats
  5 frilled lizards
  13 rats
161 creatures vanquished.

Vanquished Creatures (collateral kills)
  A wyvern (D:8)
  A steam dragon (D:7)
  An ice beast (D:8)
  A kobold brigand (Sewer)
  A scorpion (D:6)
  2 bullfrogs
  A wyvern zombie (D:6)
  6 killer bees (D:8)
  An orc priest (D:7)
  A bullfrog zombie (D:6)
  A killer bee zombie (D:6)
  A kobold (Sewer)
18 creatures vanquished.

Vanquished Creatures (others)
  A battlemage (D:8)
  A withered plant (D:6)
2 creatures vanquished.

Grand Total: 181 creatures vanquished

Notes
Turn   | Place    | Note
-------+----------+-------------------------------------------
     0 | D:1      | happo123 the Gargoyle Earth Elementalist began the quest
                  | for the Orb.
     0 | D:1      | Reached XP level 1. HP: 10/10 MP: 3/3
   376 | D:1      | Reached skill level 4 in Earth Magic
   376 | D:1      | Reached XP level 2. HP: 15/15 MP: 3/5
  1123 | D:2      | Reached skill level 1 in Armour
  1123 | D:2      | Reached XP level 3. HP: 16/19 MP: 3/6
  1918 | D:2      | Found a runed translucent door.
  1919 | D:2      | Noticed Crazy Yiuf
  1927 | D:2      | Killed Crazy Yiuf
  1928 | D:2      | Reached skill level 5 in Earth Magic
  1928 | D:2      | Reached XP level 4. HP: 24/24 MP: 1/7
  2236 | D:3      | Noticed Grinder
  2241 | D:3      | Reached XP level 5. HP: 28/28 MP: 3/9
  2253 | D:3      | Paralysed by Grinder for 5 turns
  2279 | D:3      | Paralysed by something for 2 turns
  2282 | D:3      | Killed Grinder
  2283 | D:3      | Reached skill level 1 in Staves
  2283 | D:3      | Reached XP level 6. HP: 8/33 MP: 0/11
  2335 | D:3      | Reached skill level 6 in Earth Magic
  2394 | D:3      | Learned a level 3 spell: Stone Arrow
  2753 | D:3      | Noticed Natasha
  2760 | D:3      | Killed Natasha
  2784 | D:3      | Noticed Natasha
  2788 | D:3      | Killed Natasha
  3059 | D:3      | Noticed Natasha
  3067 | D:3      | Killed Natasha
  3068 | D:3      | Reached XP level 7. HP: 35/37 MP: 0/12
  3087 | D:3      | Found a radiant altar of Vehumet.
  3911 | D:4      | Reached skill level 1 in Fighting
  4154 | D:4      | Found a blossoming altar of Fedhas.
  4607 | D:5      | Entered Level 5 of the Dungeon
  4636 | D:5      | Found the +3 Mad Mage's Maulers {Infuse+∞ RegenMP Int-3}
  4643 | D:5      | Reached skill level 1 in Conjurations
  4906 | D:5      | Reached skill level 7 in Earth Magic
  4906 | D:5      | Reached XP level 8. HP: 41/43 MP: 7/14
  5238 | D:5      | Found a glowing golden altar of the Shining One.
  5303 | D:5      | Found a hide-covered altar of Uskayaw.
  5483 | D:5      | Found a staircase to the Ecumenical Temple.
  5501 | Temple   | Entered the Ecumenical Temple
  5514 | Temple   | Became a worshipper of Hepliaklqana the Forgotten
  5870 | D:6      | Reached skill level 5 in Spellcasting
  5937 | D:6      | Got the Papyrus of the Entrancing Entourage
  5955 | D:6      | Found Tis Juch's Assorted Antiques.
  6097 | D:6      | Found a glowing drain.
  6109 | Sewer    | Entered a sewer
  6138 | Sewer    | Reached * piety under Hepliaklqana
  6239 | Sewer    | Found a glowing silver altar of Zin.
  6670 | D:6      | Reached XP level 9. HP: 40/43 MP: 12/18
  6845 | D:6      | Reached skill level 8 in Earth Magic
  6846 | D:6      | Found an iron altar of Okawaru.
  7038 | D:7      | Found a shimmering altar of Xom.
  7038 | D:7      | Found a shimmering altar of Xom.
  7041 | D:7      | Found a shimmering altar of Xom.
  7042 | D:7      | Found a shimmering altar of Xom.
  7185 | D:7      | Reached skill level 5 in Staves
  7910 | D:8      | Reached skill level 9 in Earth Magic
  7968 | D:8      | Reached ** piety under Hepliaklqana
  7969 | D:8      | Remembered your ancestor Lucia as a battlemage
  7974 | D:8      | Found a shimmering blue altar of Sif Muna.
  8104 | D:8      | Found Zebauv's General Store.
  8112 | D:8      | Bought a potion of mutation for 112 gold pieces
  8121 | D:8      | Identified the +6 falchion of Tortured Courage {vorpal, rC+
                  | Str+3}
  8130 | D:8      | Identified the +5 spear of the Establishment {elec, rC+
                  | rN+}
  8155 | D:8      | Reached XP level 10. HP: 36/48 MP: 11/20
  8175 | D:8      | Slain by a yak

Illustrated notes

Levels and vault maps discovered:
D:1:      nicolae_arrival_somewhat_less_tricky_arrival, layout_loops_ring,
          minmay_unequal
D:2:      layout_loops_ring, hex_medium, minmay_misc_feat_x, minivault_27,
          uniq_crazy_yiuf_cottage
D:3:      layout_basic, mainiacjoe_overflow_chevrons, uniq_grinder, uniq_natasha
D:4:      layout_loops_ring, amcnicky_altar_gilded, minivault_26,
          kennysheep_flooded_box
D:5:      layout_basic, old_standard_altar, kennysheep_mini_moat,
          minmay_temple_entry_overgrown, serial_rivers,
          chequers_serial_rivers_room_a, chequers_serial_rivers_marsh,
          chequers_serial_rivers_room_b, chequers_serial_rivers_room_b,
          chequers_serial_rivers_small_b, chequers_serial_rivers_small_3
D:6:      layout_loops_ring, okawaru_altar_gauntlet_db, gup_sewer_entry_glass,
          serial_shops, nicolae_shop_hallway_stairs, serial_undead,
          serial_undead_c, serial_undead_c, serial_undead_a, serial_undead_b,
          serial_undead_e
D:7:      layout_loops_ring, xom_redecorated, minmay_misc_feat_columns
D:8:      layout_cave_pools, lemuel_doored_altar, overflow_temple_1_default,
          serial_shops, shop_fountains, minmay_misc_feat_encased, uniq_maggie
Temple:   eino_wide_crystal_templ

Skill      XL: |  1  2  3  4  5  6  7  8  9 10 |
---------------+-------------------------------+-----
Earth Magic    | 4 5 6 7 9 |  9.9
Armour         | 1 2 3 |  3.9
Staves         | 1 2 4 5 |  5.5
Stealth        | 3 |  3.6
Spellcasting   | 3 4 6 7 |  7.6
Dodging        | 2 3 |  3.0
Fighting       | 1 2 |  2.8
Conjurations   | 1 2 |  2.4
Unarmed Combat | |  0.1
Transmutations | |  0.7

Action                   |  1- 3 |  4- 6 |  7- 9 | 10-12 || total
-------------------------+-------+-------+-------+-------++-------
Melee: Unarmed           |    19 |       |       |       ||    19
       Quarterstaff      |       |    48 |   110 |     2 ||   160
 Cast: Sandblast         |    44 |    45 |    75 |     7 ||   171
       Stone Arrow       |       |     2 |    54 |     1 ||    57
Invok: Ancestor Life: Ba |       |       |     1 |       ||     1
       Ancestor Identity |       |       |     1 |       ||     1
  Use: Scroll            |       |       |     5 |     1 ||     6
 Stab: Sleeping          |     2 |     3 |       |       ||     5
Armor: Robe              |     1 |       |       |       ||     1
       Leather armour    |    13 |    27 |    73 |     4 ||   117
Dodge: Dodged            |    19 |    46 |   100 |     7 ||   172

Table legend: (Time is in decaauts)
 A = Elapsed time spent in this place.
 B = Non-inter-level travel time spent in this place.
 C = Inter-level travel time spent in this place.
 D = Time resting spent in this place.
 E = Time spent auto-exploring this place.
 F = Levels seen in this place.
 G = Mean time per level.
                   A        B        C        D        E       F      G
               +--------+--------+--------+--------+--------+-----+--------+
         Total |   8274 |   7231 |   1043 |    606 |   5347 |  10 |  827.4 |
       Dungeon |   7904 |   6873 |   1031 |    606 |   5190 |   8 |  988.0 |
        Temple |     59 |     47 |     12 |      0 |     38 |   1 |   59.0 |
         Sewer |    309 |    309 |      0 |      0 |    119 |   1 |  309.0 |
               +--------+--------+--------+--------+--------+-----+--------+

Top non-repeatable levels by time:
     D:3: 1530 daAuts
     D:5: 1181 daAuts
     D:2: 1113 daAuts
     D:1: 1013 daAuts
     D:4: 968 daAuts
     D:7: 931 daAuts
     D:6: 896 daAuts
   Sewer: 309 daAuts
     D:8: 269 daAuts
  Temple: 59 daAuts
